 Dungeon Crawl Stone Soup version 0.30-a0-802-gb92711bcdf (webtiles) character file.

Game seed: 10784293753916274701

42 jimonade the Grasshopper (level 3, -7/37 HPs)
             Began as an Ogre Warper on Feb 25, 2023.
             Mangled by Sigmund
             ... wielding a +0 scythe
              (10 damage)
             ... on level 2 of the Dungeon.
             The game lasted 00:03:46 (1373 turns).

jimonade the Grasshopper (Ogre Warper)              Turns: 1373, Time: 00:03:46

Health: -7/37      AC:  3    Str: 15    XL:     3   Next: 54%
Magic:  7/7        EV: 10    Int: 14    God:
Gold:   111        SH:  0    Dex: 10    Spells: 0/7 levels left

rFire   . . .      SeeInvis .    a - +0 mace
rCold   . . .      Faith    .    (no shield)
rNeg    . . .      Spirit   .    b - +0 robe
rPois   .          Reflect  .    (helmet restricted)
rElec   .          Harm     .    (no cloak)
rCorr   .          Rampage  .    (gloves unavailable)
Will    .....                    (boots unavailable)
Stlth   +                        h - amulet of regeneration
HPRegen 1.06/turn                (no ring)
MPRegen 0.10/turn                (no ring)

@: no status effects
A: large, unfitting armour, tough skin 1
a: no special abilities


You were on level 2 of the Dungeon.
You visited 1 branch of the dungeon, and saw 2 of its levels.

You collected 111 gold pieces.

Inventory:

Hand Weapons
 a - a +0 mace (weapon)
 m - a +0 quarterstaff
Missiles
 d - 7 boomerangs of dispersal (quivered)
 g - 3 poisoned darts
Armour
 b - a +0 robe (worn)
Jewellery
 h - an amulet of regeneration (around neck)
 k - an amulet of magic regeneration
 l - a ring of fire
Scrolls
 c - a scroll of blinking
 e - a scroll of identify {unknown}
 i - a scroll of enchant weapon {unknown}
 r - a scroll of vulnerability {unknown}
Potions
 f - a potion of curing {unknown}
 j - a potion of brilliance {unknown}
 n - a potion of might {unknown}
 o - a potion of attraction {unknown}
 p - a potion of berserk rage {unknown}
 q - a potion of mutation {unknown}


   Skills:
 + Level 3.0 Fighting
 + Level 2.2 Maces & Flails
 + Level 1.0 Throwing
 + Level 2.4 Dodging
 + Level 2.6 Spellcasting
 * Level 3.2 Translocations


You couldn't memorise any spells.
You knew the following spells:

 Your Spells              Type           Power      Damage    Failure   Level
a - Blink                 Tloc           20%        N/A       9%          2
b - Lesser Beckoning      Tloc           20%        N/A       9%          2
c - Teleport Other        Tloc           10%        N/A       17%         3

Your spell library contained the following spells:

 Spells                   Type           Power      Damage    Failure   Level
 Apportation              Tloc           20%        N/A       6%          1
 Necrotise                Necr           4%         1d4       22%         1
 Summon Small Mammal      Summ           4%         N/A       22%         1
 Vhi's Electric Charge    Tloc/Air       12%        N/A       34%         3
 Manifold Assault         Tloc           10%        N/A       50%         4


Dungeon Overview and Level Annotations

Branches:
Dungeon (2/15)

Altars:
Zin

Annotations:
D:1 exclusion: downstairs
D:2 Sigmund


Innate Abilities, Weirdness & Mutations

You are too large for most types of armour.
You have tough skin. (AC +1)


Message History

Sigmund says, "Your kind have come here before.
I understand now why.
You desire death..."
Sigmund hits you with a +0 scythe.
You barely miss Sigmund.
Sigmund is lightly wounded.
Sigmund hits you with a +0 scythe.
You completely miss Sigmund.
Sigmund is lightly wounded.
Sigmund gestures at you while chanting. The magic dart hits you.
You closely miss Sigmund.
Sigmund is lightly wounded.
Sigmund mumbles some strange words.
Sigmund flickers and vanishes!
Deactivating autopickup; reactivate with Ctrl-A.
You closely miss something. Something hits you!
You barely miss something. Something hits you.
You hit something. Something hits you but does no damage.
You hit something. Something hits you but does no damage.
You closely miss something. You hit something. Something hits you!
* * * LOW HITPOINT WARNING * * *
You miss something. Something hits you but does no damage.
You hit something. Something hits you but does no damage.
You hit something. You barely miss something. Something hits you.
You barely miss something. Something hits you.
* * * LOW HITPOINT WARNING * * *
You hit something. Something hits you but does no damage.
You hit something but do no damage. Something hits you.
* * * LOW HITPOINT WARNING * * *
You barely miss something. Something hits you!
* * * LOW HITPOINT WARNING * * *
You closely miss something. Something hits you.
* * * LOW HITPOINT WARNING * * *
You barely miss something. You miss something.
Something hits you but does no damage.
You closely miss something. Something hits you.
* * * LOW HITPOINT WARNING * * *
You hit something. Something hits you!
You die...

########.##.#..#
.#..
#.>.>...###>...
####<###...###
#.....#.#
#####...# ##.##
#.# #{# #@# #†#
#.# #.#
#.......#
#.#......... #
#..##.#.#. #...
..... #.## #.#


There were no monsters in sight!

Vanquished Creatures
  An adder (D:2)
  A worm (D:2)
  2 dart slugs (D:1)
  5 bats
  2 giant cockroaches
  A hobgoblin (D:1)
  A quokka (D:1)
  3 ball pythons
  A frilled lizard (D:1)
  2 goblins (D:2)
  6 kobolds
  2 rats (D:1)
27 creatures vanquished.

Notes
Turn   | Place    | Note
-------+----------+-------------------------------------------
     0 | D:1      | jimonade the Ogre Warper began the quest for the Orb.
     0 | D:1      | Reached XP level 1. HP: 22/22 MP: 3/3
   202 | D:1      | Reached XP level 2. HP: 29/29 MP: 5/5
   213 | D:1      | Found a faded altar of an unknown god.
   906 | D:2      | Reached XP level 3. HP: 36/36 MP: 7/7
   966 | D:2      | Found a glowing silver altar of Zin.
  1017 | D:2      | Noticed Sigmund
  1154 | D:2      | Learned a level 2 spell: Blink
  1157 | D:2      | Learned a level 2 spell: Lesser Beckoning
  1161 | D:2      | Learned a level 3 spell: Teleport Other
  1372 | D:2      | HP: 1/37 [something (5)]
  1373 | D:2      | Mangled by Sigmund

Illustrated notes

Levels and vault maps discovered:
D:1:      giann_forest_graveyard, layout_basic, basic_ecumenical_altar
D:2:      layout_loops_cross, basic_altar, uniq_terence, uniq_sigmund

Skill      XL: |  1  2  3 |
---------------+----------+-----
Translocations | 3 |  3.2
Maces & Flails | 2 |  2.2
Fighting       | 3 |  3.0
Throwing       | |  1.0
Dodging        | |  2.4
Spellcasting   | |  2.6

Action                     || total
---------------------------++-------
  Melee: Mace              ||   139
         Punch             ||     1
 Armour: Robe              ||    57
  Dodge: Dodged            ||    73

Table legend: (Time is in decaauts)
 A = Elapsed time spent in this place.
 B = Non-inter-level travel time spent in this place.
 C = Inter-level travel time spent in this place.
 D = Time resting spent in this place.
 E = Time spent auto-exploring this place.
 F = Levels seen in this place.
 G = Mean time per level.
                   A        B        C        D        E       F      G
               +--------+--------+--------+--------+--------+-----+--------+
         Total |   1415 |   1294 |    121 |     18 |    730 |   2 |  707.5 |
       Dungeon |   1415 |   1294 |    121 |     18 |    730 |   2 |  707.5 |
               +--------+--------+--------+--------+--------+-----+--------+

Top non-repeatable levels by time:
     D:1: 956 daAuts
     D:2: 458 daAuts
